Map: Vaani Research Station (Void)

Players

Namshar - Winner!

  • Race: Zerg Zerg
  • Spawn Location: 12:00

DeMusliM

  • Race: Terran Terran
  • League: Master
  • Spawn Location: 6:00

Event: WESG 2016 Finals

VOD

Have the link to the VOD?

Description

Time

  • Played on: Jan. 12, 2017, 1:36 a.m.
  • Length: 20:55

All games in this series

Show
View Real Time Build Order
Export as new Build Order

Namshar Zerg - Winner!

Build Orders: Hatch First, Muta Ling Bane 

Get SALT Encoding   

  12  0:00  Drone  
  13  0:12  Overlord  
  13  0:17  Drone  
  14  0:31  Drone x2  
  14  0:34  Drone  
  17  0:53  Hatchery  
  17  0:55  Drone  
  17  0:58  Drone  
  18  1:09  Extractor  
  17  1:13  Spawning Pool  
  17  1:17  Drone  
  17  1:20  Drone  
  18  1:28  Drone  
  19  1:38  Overlord  
  19  1:50  Drone  
  20  2:00  Queen, Zergling x2  
  23  2:04  Queen  
  23  2:05  Zergling x2  
  26  2:09  Metabolic Boost  
  26  2:11  Drone  
  28  2:15  Drone  
  28  2:21  Drone  
  29  2:25  Overlord  
  29  2:34  Drone  
  30  2:37  Queen  
  30  2:41  Drone  
  33  2:45  Drone  
  34  2:57  Zergling x2  
  35  2:58  Drone  
  35  2:59  Drone  
  35  3:04  Drone  
  38  3:09  Hatchery  
  37  3:14  Drone x3  
  37  3:16  Drone  
  41  3:20  Drone  
  41  3:23  Overlord  
  42  3:31  Drone x2  
  44  3:39  Overlord  
  44  3:41  Queen  
  46  3:43  Drone x2  
  46  3:46  Evolution Chamber  
  47  3:49  Queen  
  49  3:57  Baneling Nest, Zergling x2  
  49  4:05  Drone  
  49  4:06  Drone x3, Extractor  
  52  4:13  Zerg Ground Armor Level 1  
  52  4:14  Drone  
  53  4:18  Evolution Chamber  
  53  4:21  Queen  
  54  4:26  Drone  
  54  4:28  Spore Crawler  
  54  4:31  Lair  
  54  4:32  Drone, Spore Crawler  
  54  4:37  Overlord  
  54  4:38  Drone x3  
  53  4:54  Drone x5  
  58  5:00  Drone  
  58  5:03  Drone x3  
  58  5:04  Spore Crawler  
  61  5:08  Drone x3  
  61  5:11  Zerg Melee Weapons Level 1  
  64  5:22  Drone  
  64  5:23  Overlord x2  
  64  5:24  Drone  
  66  5:28  Extractor  
  66  5:29  Extractor  
  66  5:30  Drone, Spire  
  66  5:31  Drone  
  66  5:32  Drone  
  66  5:39  Overlord  
  66  5:40  Overlord  
  66  5:46  Drone  
  66  5:47  Drone x6, Overseer  
  73  5:51  Drone, Extractor  
  73  5:56  Overlord x2  
  73  5:58  Drone x2  
  75  6:10  Zergling x8  
  75  6:11  Zergling x2  
  80  6:15  Overseer  
  80  6:23  Drone x3  
  80  6:25  Drone x2, Extractor  
  84  6:26  Drone x2  
  84  6:27  Zerg Ground Armor Level 2  
  84  6:30  Spore Crawler  
  85  6:36  Hatchery  
  85  6:39  Drone  
  86  6:42  Hatchery, Zergling x2  
  86  6:43  Zergling x12  
  86  6:46  Zerg Flyer Weapons Level 1  
  92  6:49  Drone x2  
  92  6:51  Overlord x2  
  94  7:05  Centrifical Hooks  
  94  7:06  Zerg Melee Weapons Level 2  
  94  7:07  Baneling x3  
  94  7:08  Baneling  
  94  7:11  Drone x6  
  94  7:12  Zergling x8  
  104  7:22  Zergling x12  
  110  7:28  Zergling x2  
  110  7:42  Mutalisk x5  
  110  7:43  Mutalisk  
  122  7:47  Overlord x2  
  122  7:49  Overlord x3  
  121  8:01  Overlord x2  
  121  8:07  Zergling x2  
  121  8:08  Zergling x12  
  128  8:16  Baneling x3  
  128  8:17  Baneling x4  
  128  8:19  Baneling x4  
  128  8:26  Zergling x2  
  129  8:27  Zergling x30  
  144  8:41  Zergling x16  
  151  8:48  Baneling  
  151  8:49  Baneling x8  
  151  8:55  Zergling x2  
  149  8:56  Zergling x18  
  149  8:59  Drone, Zerg Flyer Weapons Level 2  
  149  9:01  Infestation Pit  
  158  9:03  Zergling x2  
  158  9:04  Zergling x10  
  164  9:17  Overlord x3  
  158  9:26  Overlord x2  
  158  9:29  Extractor  
  158  9:30  Extractor  
  156  9:31  Drone  
  156  9:32  Drone x5  
  156  9:34  Drone, Spore Crawler  
  162  9:41  Hatchery  
  162  9:42  Queen  
  163  9:45  Zergling x2  
  163  9:46  Zergling x30  
  179  9:54  Baneling x5  
  179  9:55  Overseer  
  179  9:56  Pneumatized Carapace, Hive  
  179  9:58  Burrow  
  179  10:03  Zergling x16  
  179  10:05  Baneling x4  
  187  10:09  Zergling x8  
  191  10:16  Zergling x8  
  195  10:27  Zergling x2  
  195  10:28  Zergling x6  
  173  10:42  Zergling x14  
  126  10:58  Zergling x38  
  126  10:59  Zergling x8  
  148  11:05  Baneling x8  
  143  11:14  Baneling x2  
  143  11:15  Zergling x2  
  143  11:16  Zergling x20  
  152  11:21  Drone x2  
  154  11:27  Zergling x14  
  154  11:28  Zergling x6  
  163  11:38  Zerg Ground Armor Level 3, Adrenal Glands, Zerg Melee Weapons Level 3  
  162  11:40  Baneling x3  
  162  11:45  Zergling x6  
  162  11:46  Zergling x4  
  129  12:16  Drone  
  129  12:17  Greater Spire, Ultralisk Cavern  
  126  12:28  Corruptor  
  126  12:29  Corruptor x9  
  129  12:30  Corruptor x2  
  129  12:32  Zergling x8  
  129  12:35  Baneling x3  
  129  12:36  Baneling  
  139  12:43  Zergling x2  
  139  12:44  Zergling x14  
  147  12:46  Baneling x4  
  147  12:47  Zergling x2  
  147  12:48  Zergling x2  
  149  12:58  Zergling x14  
  143  13:17  Zergling x2  
  143  13:18  Zergling x28  
  148  13:23  Baneling x5  
  148  13:24  Zergling x16  
  156  13:30  Brood Lord  
  156  13:31  Brood Lord  
  160  13:43  Brood Lord x2  
  160  13:44  Brood Lord  
  165  13:54  Brood Lord x2  
  166  13:56  Brood Lord  
  166  14:02  Pathogen Glands  
  168  14:07  Zerg Flyer Weapons Level 3  
  168  14:18  Hatchery  
  165  14:26  Queen  
  165  14:28  Overseer x2  
  167  14:35  Drone x2  
  167  14:36  Drone, Corruptor x2  
  173  14:45  Zergling x2  
  173  14:46  Zergling x12  
  173  14:50  Corruptor  
  176  14:58  Drone x5  
  156  15:27  Infestor x2  
  156  15:28  Infestor x2  
  164  15:32  Hatchery  
  164  15:35  Corruptor x2  
  167  15:45  Extractor  
  165  15:51  Corruptor  
  165  15:52  Corruptor  
  165  15:56  Brood Lord, Corruptor  
  173  16:01  Extractor  
  173  16:10  Chitinous Plating  
  173  16:13  Corruptor  
  173  16:14  Corruptor  
  173  16:17  Baneling x8  
  173  16:18  Baneling  
  176  16:26  Overseer x2  
  172  16:34  Queen  
  172  16:35  Queen  
  175  16:45  Zerg Flyer Armor Level 1  
  175  16:46  Zergling x10  
  165  16:54  Corruptor x3  
  167  16:55  Brood Lord  
  167  16:58  Drone x2  
  170  17:29  Corruptor x5  
  148  17:31  Zergling x10  
  148  17:32  Zergling x14  
  155  18:04  Brood Lord x4, Corruptor, Overlord x2  
  155  18:05  Corruptor x3  
  169  18:09  Overlord  
  171  18:21  Corruptor x4  
  179  18:32  Zergling x14  
  179  18:33  Zergling x2  
  182  18:38  Zerg Flyer Armor Level 2  
  182  18:48  Hatchery  
  178  18:59  Infestor x2  
  178  19:14  Overseer x4  
  178  19:21  Corruptor x3  
  177  19:44  Infestor, Corruptor  
  177  19:45  Corruptor x2  
  177  20:03  Zergling x18  
  183  20:13  Corruptor  
  183  20:14  Corruptor x3  
  169  20:27  Zergling x14  
  169  20:42  Extractor  
Show
View Real Time Build Order
Export as new Build Order

DeMusliM Terran 

Build Orders: Reaper Expand, Bio Mine 

Get SALT Encoding   

  12  0:00  SCV  
  13  0:13  SCV  
  14  0:17  Supply Depot  
  14  0:25  SCV  
  15  0:29  Refinery  
  15  0:39  SCV  
  16  0:46  Barracks  
  16  0:51  SCV  
  17  1:03  SCV  
  18  1:15  SCV  
  19  1:32  Orbital Command  
  19  1:33  Reaper  
  20  1:44  Command Center  
  20  1:55  Factory  
  20  1:59  SCV  
  21  2:05  Barracks Reactor  
  21  2:11  SCV  
  21  2:14  Supply Depot  
  22  2:16  Refinery  
  22  2:23  SCV  
  23  2:36  SCV  
  24  2:45  Starport  
  24  2:48  SCV  
  24  2:50  Hellion x2  
  29  2:54  Barracks Tech Lab  
  29  2:58  Orbital Command  
  29  3:01  SCV  
  30  3:16  Widow Mine  
  30  3:17  SCV, Widow Mine  
  35  3:23  SCV  
  36  3:27  Medivac  
  36  3:29  Marine, SCV  
  40  3:35  SCV  
  40  3:40  Supply Depot  
  40  3:41  SCV  
  42  3:46  Hellion x2  
  46  3:53  Supply Depot  
  46  4:02  Marine, SCV x2, Viking  
  51  4:06  Supply Depot  
  51  4:14  SCV x2  
  53  4:26  SCV x2  
  57  4:38  SCV x2  
  57  4:42  Engineering Bay  
  57  4:43  Command Center, Engineering Bay  
  57  4:50  SCV x2  
  57  5:02  SCV x2  
  57  5:06  Refinery  
  59  5:08  Refinery  
  59  5:09  Barracks, Stimpack, Terran Infantry Weapons Level 1  
  59  5:12  Barracks  
  59  5:14  SCV x2  
  59  5:15  Starport Reactor  
  61  5:22  Terran Infantry Armor Level 1  
  61  5:24  Barracks  
  61  5:25  Factory Reactor  
  61  5:29  SCV  
  61  5:31  Barracks  
  61  5:33  SCV  
  63  5:41  SCV  
  64  5:45  SCV  
  65  5:51  Armory, Supply Depot  
  65  5:53  SCV, Supply Depot  
  66  5:58  SCV  
  66  6:00  Barracks Reactor x2  
  66  6:03  Orbital Command  
  67  6:05  SCV  
  67  6:10  Marauder  
  70  6:12  Marine x2, Widow Mine x2  
  70  6:13  Medivac x2  
  70  6:14  SCV  
  70  6:16  Supply Depot  
  70  6:17  SCV  
  82  6:24  Barracks Reactor  
  82  6:26  SCV  
  82  6:29  Marine, SCV  
  82  6:30  Marine  
  82  6:32  Orbital Command  
  86  6:34  Marine  
  86  6:38  Marine, SCV  
  86  6:39  Marine x2  
  89  6:42  SCV  
  89  6:44  Terran Vehicle And Ship Armor Level 1  
  90  6:47  Marine x3  
  90  6:49  Widow Mine x2  
  90  6:50  SCV  
  90  6:51  Missile Turret  
  90  6:52  Missile Turret  
  90  6:53  Marine  
  90  6:54  SCV  
  100  6:58  SCV  
  101  7:02  SCV  
  101  7:04  Marine, Supply Depot  
  101  7:05  Supply Depot  
  101  7:06  SCV, Supply Depot  
  104  7:09  Terran Infantry Weapons Level 2, Combat Shields  
  104  7:11  SCV  
  104  7:13  Refinery  
  104  7:14  Marine, SCV  
  104  7:15  Marauder  
  109  7:20  Terran Infantry Armor Level 2  
  109  7:25  Marine x3  
  109  7:26  SCV x2  
  109  7:27  Marine x2  
  109  7:28  Marine  
  117  7:32  Supply Depot  
  117  7:33  Supply Depot  
  117  7:36  Marine x2, Marauder  
  121  7:38  Widow Mine  
  121  7:39  Widow Mine  
  121  7:43  Marine  
  125  7:44  Factory  
  125  7:47  Marine x2  
  125  7:49  Medivac x2  
  131  7:51  Marine x2  
  131  7:56  Supply Depot  
  131  7:57  Marine  
  131  7:58  Marauder  
  136  7:59  Supply Depot  
  136  8:00  Marine  
  137  8:06  Supply Depot  
  137  8:07  Widow Mine x2  
  137  8:08  Supply Depot  
  137  8:11  Marine  
  137  8:12  Marine x2  
  142  8:16  SCV x2  
  142  8:19  Marauder, Medivac  
  150  8:20  Barracks, Marine x2  
  152  8:28  Concussive Shells  
  152  8:29  Marine x2  
  152  8:32  Factory Tech Lab  
  154  8:36  Marine, Command Center  
  154  8:39  Marine x3  
  154  8:40  Marine, Marauder  
  154  8:41  Widow Mine  
  159  8:50  SCV x3  
  155  8:57  Marine x2  
  155  9:02  SCV  
  156  9:03  Missile Turret  
  156  9:05  Missile Turret  
  156  9:09  Marine x2  
  150  9:10  Marine x3  
  150  9:11  Marauder, Thor  
  150  9:12  Drilling Claws  
  150  9:14  Barracks Tech Lab  
  161  9:19  Widow Mine x2  
  161  9:21  Marine  
  160  9:29  Marine  
  157  9:31  Marine  
  157  9:33  Marauder  
  158  9:38  Terran Vehicle And Ship Armor Level 2  
  158  9:39  Marine, Marauder  
  158  9:40  Terran Infantry Weapons Level 3  
  158  9:45  Terran Infantry Armor Level 3  
  161  9:53  Barracks, Marine x3  
  161  9:54  Marauder, Widow Mine  
  161  9:55  Widow Mine  
  161  9:58  Marine  
  171  10:00  Marine  
  171  10:01  Marauder, Marine x2  
  171  10:06  Liberator x2  
  176  10:07  Marine  
  176  10:11  Marine x3  
  179  10:15  Marauder  
  179  10:16  Marine  
  179  10:17  Marine  
  179  10:19  Marine x2  
  184  10:22  Marauder  
  184  10:25  Marine  
  191  10:29  Marine x3  
  191  10:33  Marine  
  191  10:35  Marine  
  153  10:37  Marauder, Marine x2  
  121  10:43  Marine, Widow Mine x2  
  121  10:44  Marauder  
  121  10:47  Marine x3  
  120  10:51  Marine  
  120  10:54  Marine x2, Planetary Fortress  
  120  10:55  Widow Mine  
  125  10:58  Marauder  
  125  11:01  SCV  
  125  11:02  SCV  
  129  11:05  Marauder  
  129  11:07  Marine x2  
  129  11:08  Marine x2  
  134  11:11  Marine  
  134  11:12  Widow Mine  
  134  11:15  Widow Mine  
  134  11:16  Marine  
  134  11:17  Marine, Missile Turret  
  141  11:20  Marauder  
  141  11:22  Marine  
  141  11:24  Barracks Reactor  
  144  11:26  Marauder, Missile Turret  
  144  11:28  Marine  
  144  11:29  Marine x2  
  148  11:33  Marine x2, Missile Turret  
  150  11:40  Marine, Missile Turret  
  150  11:41  Marine, Marauder  
  150  11:43  Thor  
  150  11:44  Widow Mine  
  162  11:48  SCV x2  
  162  11:50  Marine  
  162  11:51  Marine, Marauder  
  161  11:54  Marine  
  155  12:02  Marauder  
  155  12:03  Marine  
  155  12:04  Marine x2  
  155  12:06  Marine x2  
  151  12:10  Marine x2  
  151  12:12  Marauder  
  155  12:20  Marine x2  
  153  12:24  Marauder  
  153  12:29  Medivac x2  
  158  12:34  Marauder  
  158  12:35  SCV x2  
  158  12:36  Marine  
  158  12:37  Marine  
  163  12:40  Marine x2  
  166  12:45  Marauder, Marine  
  166  12:46  Marine x2  
  166  12:48  Marine  
  166  12:50  Widow Mine  
  166  12:51  Widow Mine  
  174  12:55  Marauder  
  174  12:57  Marine x4  
  174  12:58  Marine  
  183  12:59  Medivac  
  183  13:05  Medivac  
  183  13:06  Marauder  
  183  13:07  Marine  
  183  13:11  Marine  
  187  13:16  Marauder  
  187  13:17  Marine  
  185  13:25  Marine x2  
  187  13:28  Marauder  
  187  13:29  Marine, Medivac  
  187  13:32  Factory Tech Lab  
  192  13:35  Supply Depot  
  192  13:38  Marauder  
  194  13:41  Marine  
  194  13:44  Terran Vehicle And Ship Armor Level 3  
  195  13:52  Marine  
  196  13:57  Marauder  
  196  13:59  Marauder  
  196  14:01  Command Center  
  200  14:16  Starport  
  200  14:19  Starport  
  200  14:29  Refinery  
  200  14:30  Refinery  
  198  14:35  Viking  
  198  14:44  Viking  
  189  15:00  Viking x2  
  189  15:05  Viking  
  170  15:07  Marine, Missile Turret  
  170  15:08  Marine x6, Marauder, Missile Turret  
  170  15:09  Thor  
  170  15:10  Missile Turret  
  177  15:14  Viking  
  177  15:15  Marine x2  
  177  15:16  Marauder  
  172  15:30  Viking x2  
  172  15:35  Viking  
  178  15:44  Viking  
  180  15:53  Thor  
  186  16:00  Viking x2  
  186  16:02  Missile Turret  
  186  16:03  Missile Turret  
  190  16:05  Viking  
  190  16:09  Missile Turret x2  
  190  16:10  Missile Turret  
  192  16:18  Viking  
  194  16:21  Terran Ship Weapons Level 1  
  194  16:30  Viking  
  194  16:32  Viking  
  198  16:35  Viking  
  198  16:36  Orbital Command  
  200  16:43  Marine x2, Marauder  
  193  16:48  Viking, Planetary Fortress  
  193  16:53  Marauder  
  197  17:00  Viking  
  199  17:05  Marine, Marauder, Viking  
  198  17:08  Viking  
  191  17:18  Viking  
  176  17:25  Marauder  
  128  17:30  Marine x2, Marauder  
  128  17:31  Marine x2, Viking  
  128  17:32  Marine  
  128  17:35  Viking  
  133  17:38  Marine, Viking  
  134  17:46  Marine, Marauder, Orbital Command  
  134  17:47  Missile Turret  
  134  17:48  Viking  
  139  17:52  Marauder  
  135  18:01  Viking  
  135  18:05  Marine x2, Viking  
  139  18:08  Marauder, Viking  
  139  18:11  Marine x3  
  148  18:18  Viking, SCV x2  
  148  18:19  SCV  
  153  18:26  Marine, Marauder  
  152  18:29  Orbital Command  
  152  18:31  Viking  
  152  18:33  Marine, Marauder  
  157  18:35  Viking  
  157  18:36  Marine  
  157  18:37  Marine x2  
  157  18:38  Viking  
  164  18:43  Marine  
  164  18:47  Marauder, Viking  
  164  18:48  Marine x2  
  169  18:54  Marine, Marauder  
  164  18:58  SCV  
  164  18:59  SCV  
  164  19:00  Missile Turret  
  164  19:01  Viking  
  164  19:02  Refinery  
  168  19:04  Refinery  
  168  19:05  Viking  
  168  19:06  Marine x2  
  168  19:08  Viking  
  168  19:09  Marauder  
  174  19:10  Marine x2  
  174  19:16  Marauder  
  176  19:17  Marine, Viking  
  176  19:19  Marine  
  180  19:24  Marine  
  180  19:27  Marine x3  
  180  19:30  Marauder  
  165  19:31  Viking  
  186  19:33  Marine x2  
  186  19:35  Viking  
  186  19:37  Marauder, Marine  
  186  19:38  Marine, Viking  
  190  19:43  Marine x2  
  190  19:45  Marine x2  
  179  19:51  Marine x2  
  179  19:52  Marauder  
  176  19:53  Marine  
  176  19:59  Marauder  
  176  20:03  Marine  
  159  20:08  Marine  
  159  20:09  Marine  
  159  20:13  Marauder  
  126  20:14  Marine, Viking  
  126  20:16  Marine x2  
  126  20:18  Marine  
  126  20:20  Marauder  
  101  20:28  Marine  
  78  20:31  Marine  
Tags
 
Add a new tag
Caveats
  • Supply blocks, unpowered buildings, or Contaminate may cause inaccurate times.
  • Supply counts are checked every 10 seconds.